 Dungeon Crawl Stone Soup version 0.19-a0-1049-g462a813 (webtiles) character file.

191 junb69 the Cudgeler (level 5, -7/38 HPs)
             Began as a Demonspawn Gladiator on July 31, 2016.
             Mangled by Crazy Yiuf
             ... wielding a +3 quarterstaff of chaos
              (12 damage)
             ... on level 1 of the Dungeon.
             The game lasted 00:07:22 (2659 turns).

junb69 the Cudgeler (Demonspawn Gladiator)          Turns: 2659, Time: 00:07:23

Health: -7/38      AC:  8    Str: 14 (16) XL:     5   Next: 41%
Magic:  5/5        EV:  9    Int:  9 (10) God:
Gold:   102        SH:  0    Dex: 10 (13) Spells: 0 memorised, 4 levels left

rFire  . . .     SeeInvis .     a - +1 flail
rCold  . . .     Gourm    .     g - +0 scale mail
rNeg   . . .     Faith    +     (no shield)
rPois  .         Spirit   .     c - +0 helmet
rElec  .         Dismiss  .     (no cloak)
rCorr  .         Reflect  .     e - +0 pair of gloves
SustAt .         Harm     .     (no boots)
MR     .....                    p - amulet of faith
Stlth  ..........               (no ring)
                                (no ring)

@: not resistant to hostile enchantments, extremely unstealthy
A: claws 2, spiny 1
a: no special abilities


You were on level 1 of the Dungeon.
You were hungry.

You visited 1 branch of the dungeon, and saw 2 of its levels.

You collected 102 gold pieces.

Inventory:

Hand Weapons
 a - a +1 flail (weapon)
Armour
 c - a +0 helmet (worn)
 e - a +0 pair of gloves (worn)
 g - a +0 scale mail (worn)
Jewellery
 p - an amulet of faith (around neck)
Scrolls
 b - a scroll of noise {unknown}
 h - a scroll of identify {unknown}
 i - a scroll of magic mapping {unknown}
 k - a scroll of teleportation {unknown}
 m - a scroll of immolation {unknown}
 o - a scroll of amnesia {unknown}
 q - a scroll of enchant weapon
 r - a scroll of remove curse {unknown}
Potions
 n - 2 potions of degeneration
Comestibles
 f - a bread ration
 j - 2 meat rations
 s - 2 chunks of flesh


   Skills:
 - Level 2.0 Fighting
 * Level 5.6 Maces & Flails
 - Level 1.7 Throwing
 - Level 2.6 Dodging


You had 4 spell levels left.
You didn't know any spells.

Dungeon Overview and Level Annotations

Branches:
Dungeon (2/15)

Altars:
Okawaru
The Shining One

Annotations:
D:1 Crazy Yiuf


Innate Abilities, Weirdness & Mutations

You have very sharp fingernails.
You are partially covered in sharp spines.


Message History

You feel sick.
You feel sick.
You feel sick.
Crazy Yiuf laughs, "Ice tortoise green!"
You feel sick.
You are feeling hungry.
You feel sick.
Crazy Yiuf says, "Race!
Race tired leg."
Crazy Yiuf yells, "Hah hog cloud!"
You feel sick.
Crazy Yiuf grits, "Candle!"
You feel sick.
You feel sick.
You are no longer poisoned.
Crazy Yiuf cries, "Castle sallow sanguine!"
Crazy Yiuf cries, "East cloud childish!"
Crazy Yiuf laughs, "Island shoe song!"; Crazy Yiuf cries, "Adder!"
Crazy Yiuf is struck by your spines.
Crazy Yiuf hits you with a quarterstaff of chaos!
You die...

###### #....#### #.......#######
#####....##.......## ####
#...#############..###### ...#
#.........@#............### ...#
####...###.g.........##...# ...#
###...............####.. ...#
#####.#.........# ### .).#
#.#.........# # #..####
####...........### # #..)>.#
##.......)##......####
##.##)######..###.##.##.........#
#..#.##.....## #.##....####.##..


You could see Crazy Yiuf.

Vanquished Creatures
  Ijyb (D:2)
  Jessica (D:2)
  Terence (D:2)
  6 gnolls
  An adder (D:2)
  2 oozes
  2 dart slugs
  A giant gecko (D:2)
  2 bats
  A giant cockroach (D:1)
  4 goblins
  6 hobgoblins
  A quokka (D:2)
  A giant newt (D:2)
  5 kobolds
  3 rats
38 creatures vanquished.

Notes
Turn   | Place    | Note
-------+----------+-------------------------------------------
     0 | D:1      | junb69 the Demonspawn Gladiator began the quest for the Orb.
     0 | D:1      | Reached XP level 1. HP: 16/16 MP: 1/1
   195 | D:1      | Reached skill level 3 in Maces & Flails
   195 | D:1      | Gained mutation: You have sharp fingernails. [demonic ancestry]
   195 | D:1      | Reached XP level 2. HP: 22/22 MP: 2/2
   661 | D:2      | Noticed Ijyb
   680 | D:2      | Killed Ijyb
   680 | D:2      | Reached skill level 4 in Maces & Flails
   680 | D:2      | Gained mutation: You have very sharp fingernails. [demonic ancestry]
   680 | D:2      | Reached XP level 3. HP: 21/27 MP: 3/3
   984 | D:2      | Noticed Terence
  1033 | D:2      | Killed Terence
  1033 | D:2      | Reached XP level 4. HP: 33/33 MP: 4/4
  1224 | D:2      | Reached skill level 5 in Maces & Flails
  1509 | D:2      | Noticed Jessica
  1513 | D:2      | Killed Jessica
  1513 | D:2      | Gained mutation: You are partially covered in sharp spines. [demonic ancestry]
  1513 | D:2      | Reached XP level 5. HP: 38/38 MP: 5/5
  1577 | D:2      | Found a glowing golden altar of the Shining One.
  1740 | D:2      | Found a runed door.
  2007 | D:2      | Found an iron altar of Okawaru.
  2100 | D:2      | Noticed Crazy Yiuf
  2659 | D:1      | Mangled by Crazy Yiuf

Vault maps used:
D:1:      sevenhm_arrival_forest_fort_large_4, minmay_tetromino_s2
D:2:      okawaru_altar_gauntlet_db, nicolae_tso_swordbearing_angel, uniq_iyjb,
          uniq_terence, uniq_jessica, uniq_crazy_yiuf_cottage

Skill      XL: |  1  2  3  4 |
---------------+-------------+-----
Maces & Flails | 3 4 5 |  5.6
Fighting       | |  2.0
Throwing       | |  1.7
Dodging        | |  2.6

Action                   |  1- 3 |  4- 6 || total
-------------------------+-------+-------++-------
Melee: Flail             |    51 |    78 ||   129
Throw: Throwing net      |     4 |     1 ||     5
       Javelin           |     7 |     7 ||    14
  Use: Potion            |     1 |     1 ||     2
       Scroll            |       |     1 ||     1
 Stab: Held in net/web   |     1 |       ||     1
  Eat: Chunk             |       |     5 ||     5
Armor: Leather armour    |    20 |       ||    20
       Scale mail        |       |    41 ||    41
Dodge: Dodged            |    39 |    58 ||    97
